 Dungeon Crawl Stone Soup version 0.30-a0-23-ge60ba3568b (webtiles) character file.

Game seed: 13518770802266988957

653 Flugkiller the Chopper (level 7, 19/62 HPs)
             Began as a Minotaur Fighter on Aug 24, 2022.
             Was an Initiate of Qazlal.
             Quit the game on level 5 of the Dungeon.
             The game lasted 00:02:26 (4307 turns).

Flugkiller the Chopper (Minotaur Fighter)           Turns: 4307, Time: 00:02:26

Health: 19/62      AC: 13    Str: 20    XL:     7   Next: 28%
Magic:  6/6        EV:  5    Int:  5    God:    Qazlal [......]
Gold:   205        SH:  4    Dex: 12    Spells: 6/6 levels left

rFire   + . .      SeeInvis .    a - +0 war axe
rCold   . . .      Faith    .    c - +0 buckler
rNeg    . . .      Spirit   .    t - +0 plate armour
rPois   .          Reflect  .    (helmet restricted)
rElec   .          Harm     .    g - +0 cloak
rCorr   .          Rampage  .    (no gloves)
Will    .....                    (no boots)
Stlth   ..........               (no amulet)
HPRegen 0.20/turn                f - ring of protection from fire
MPRegen 0.10/turn                (no ring)

@: no status effects
A: horns 2, retaliatory headbutt
a: Renounce Religion


You were on level 5 of the Dungeon.
You worshipped Qazlal.
Qazlal was noncommittal.
You visited 1 branch of the dungeon, and saw 5 of its levels.

You collected 205 gold pieces.

Inventory:

Hand Weapons
 a - a +0 war axe (weapon)
Armour
 b - a +0 scale mail
 c - a +0 buckler (worn)
 g - a +0 cloak (worn)
   (You found it on level 2 of the Dungeon)
 t - a +0 plate armour (worn)
   (You found it on level 2 of the Dungeon)
Jewellery
 f - a ring of protection from fire (left hand)
   (You found it on level 1 of the Dungeon)
 k - a ring of ice
   (You found it on level 2 of the Dungeon)
 s - a ring of protection from fire
   (You found it on level 2 of the Dungeon)
Wands
 d - a wand of acid (7)
   (You took it off Ijyb on level 4 of the Dungeon)
Scrolls
 i - a scroll of silence {unknown}
 j - a scroll of immolation
 l - a scroll of magic mapping
 m - a scroll of enchant armour {unknown}
 p - a scroll of poison
 r - a scroll of identify
 w - a scroll of summoning {unknown}
 x - 2 scrolls of teleportation {unknown}
 y - a scroll of vulnerability {unknown}
 z - a scroll of noise {unknown}
Potions
 e - 2 potions of degeneration {unknown}
 h - 2 potions of haste {unknown}
 n - a potion of flight {unknown}
 o - 2 potions of cancellation {unknown}
 q - a potion of curing
 u - 2 potions of brilliance {unknown}
 v - a potion of berserk rage {unknown}
 A - a potion of resistance {unknown}


   Skills:
 + Level 5.8 Fighting
 * Level 7.0 Axes
 + Level 5.9 Armour
 - Level 3.6 Shields
 + Level 1.2 Invocations


You had 6 spell levels left.
You didn't know any spells.
Your spell library was empty.

Dungeon Overview and Level Annotations

Branches:
Dungeon (5/15)
 Temple: D:4-7

Altars:
Ashenzari
Dithmenos
Hepliaklqana
Nemelex Xobeh
Qazlal

Shops:
D:2 [


Innate Abilities, Weirdness & Mutations

You have a pair of horns on your head.
You reflexively headbutt those who attack you in melee.


Message History

Press: ? - help, Shift-Dir - straight line, f - water moccasin
Aim: a water moccasin (heavily wounded, 53% to hit)
The bolt of acid hits the water moccasin!
The acid corrodes the water moccasin!
The water moccasin is almost dead.
You feel very sick.
The water moccasin bites you but does no damage.
Aiming: Corrosive Bolt
Press: ? - help, Shift-Dir - straight line, f/p - water moccasin
Aim: a water moccasin (almost dead, covered in acid, 53% to hit)
The bolt of acid hits the water moccasin!!
The water moccasin seems to be corroded for longer.
You kill the water moccasin!
Qazlal accepts your kill.
You feel sick.
Your Invocations skill increases to level 1!
Unknown command.
You feel sick.
You feel sick.
You feel sick.
There is a stone staircase leading up here.
You feel sick.
You climb upwards.
You feel sick.
There is a stone staircase leading down here.
You start resting.
You feel sick.
You are no longer poisoned.
You start resting.
HP restored.
As you read the scroll labelled BIEM GAT ZIT, it crumbles to dust.
It is a scroll of identify.
g - 2 potions of curing;
q - 2 potions of curing;
g - a +0 cloak (worn)
r - 2 scrolls of identify;
e - 2 orange potions
As you read the scroll of identify, it crumbles to dust.
j - a scroll of immolation
As you read the scroll of identify, it crumbles to dust.
k - a scroll of magic mapping;
l - a scroll of magic mapping;
k - a ring of ice The air fills with toxic fumes!
As you read the scroll labelled NASUUR ZUBB, it crumbles to dust.
It was a scroll of poison.
Unknown command.
You start waiting.
Done waiting.
You climb downwards.
There is a stone staircase leading up here.
x - 2 scrolls labelled RUPILI BICUYSM (gained 1)
You now have 205 gold pieces (gained 10).
Found a robe.
As you open the door, it creaks loudly!
You hear a loud, deep croak!
Found 4 stones.
There is an open door here.
There is an open door here.
You open the door.
There is an open door here.
r - a scroll of identify
Okay, then.
You open the door.
There is an open door here.
Found a spear.
An orc wizard comes into view. It is wielding a +2 dagger of venom.
The orc wizard shouts!
You hear a shout! x2
An orc priest comes into view. It is wielding a +0 club.
There are monsters nearby!
There are monsters nearby!
An orc wizard comes into view. It is wielding a +0 dagger.
The orc priest shouts!
The orc wizard shouts!
An ogre comes into view. It is wielding a +0 giant spiked club.
An orc priest comes into view. It is wielding a +0 dagger.
The orc wizard hits you with a +2 dagger of venom.
You are poisoned.
The orc priest mumbles some strange prayers to Beogh against you.
Beogh smites you!
You closely miss the orc wizard. You headbutt the orc wizard!
The orc wizard is severely wounded.
You feel very sick.
The orc priest invokes the aid of Beogh against you.
Beogh smites you!
You slash the orc wizard!
You kill the orc wizard!
Qazlal accepts your kill.
You barely miss the orc wizard.
You feel very sick.
The orc wizard hits you with a +0 dagger.
Your Axes skill increases to level 7!
You are too injured to fight recklessly!
You are too injured to fight recklessly!
You are too injured to fight recklessly!
You are too injured to fight recklessly!
Unknown command.
The orc priest attacks as you move away!
The orc priest hits you but does no damage.
You feel sick.
The orc priest calls down the wrath of Beogh upon you.
Pain shoots through your body!
* * * LOW HITPOINT WARNING * * *
You feel better.
The orc priest hits you but does no damage.
Okay, then.
Okay, then.
Okay, then.
Are you sure you want to abandon this character and quit the game? (Confirm with "yes".)

#........ #........
#........ ......
#........ #......
#........ #......#
#........
#####......######o.O.....
#..#..###.......oo#
........#.......@.#
........#.........#
........#......?..#
+####...#.........#
...##...#.........#
........#.........#
........'........)#
...##...#.........#
...##...###########


You could see an ogre, 2 orc priests and an orc wizard.

Vanquished Creatures
  Edmund (D:4)
  A water moccasin (D:5)
  Blork the orc (D:4)
  A hound (D:4)
  Ijyb (D:4)
  Jessica (D:3)
  An iguana (D:3)
  4 orc wizards
  6 adders
  5 worms
  2 dart slugs (D:1)
  4 orcs (D:3)
  5 ball pythons
  6 endoplasms
  4 giant cockroaches
  8 goblins
  10 hobgoblins
  3 jackals (D:4)
  4 kobolds
  2 quokkas
  6 bats
  6 frilled lizards
  6 rats
88 creatures vanquished.

Notes
Turn   | Place    | Note
-------+----------+-------------------------------------------
     0 | D:1      | Flugkiller the Minotaur Fighter began the quest for the
                  | Orb.
     0 | D:1      | Reached XP level 1. HP: 19/19 MP: 0/0
   289 | D:1      | Reached skill level 3 in Axes
   289 | D:1      | Reached XP level 2. HP: 27/27 MP: 1/1
   426 | D:1      | Found a faded altar of an unknown god.
  1019 | D:2      | Reached XP level 3. HP: 24/33 MP: 2/2
  1375 | D:2      | Reached skill level 4 in Axes
  1453 | D:2      | Found Rosch's Antique Armour Boutique.
  1563 | D:2      | Reached XP level 4. HP: 40/40 MP: 3/3
  2103 | D:3      | Noticed Jessica
  2105 | D:3      | Killed Jessica
  2106 | D:3      | Reached XP level 5. HP: 47/47 MP: 4/4
  2355 | D:3      | Reached skill level 5 in Axes
  2563 | D:3      | Found a shadowy altar of Dithmenos.
  2775 | D:4      | Noticed Blork the orc
  2782 | D:4      | Killed Blork the orc
  2783 | D:4      | Reached skill level 5 in Fighting
  2783 | D:4      | Reached skill level 5 in Armour
  2860 | D:4      | Noticed Ijyb
  2872 | D:4      | Reached XP level 6. HP: 56/56 MP: 5/5
  2875 | D:4      | Killed Ijyb
  2983 | D:4      | Noticed Edmund
  3040 | D:4      | Killed Edmund
  3041 | D:4      | Reached skill level 6 in Axes
  3458 | D:4      | Found a stormy altar of Qazlal.
  3462 | D:4      | Found a broken altar of Ashenzari.
  3467 | D:4      | Found a sparkling altar of Nemelex Xobeh.
  3558 | D:4      | Found a hazy altar of Hepliaklqana.
  3614 | D:4      | Became a worshipper of Qazlal Stormbringer
  3732 | D:4      | Reached XP level 7. HP: 56/61 MP: 6/6
  3855 | D:5      | Entered Level 5 of the Dungeon
  3866 | D:5      | Reached skill level 1 in Invocations
  4305 | D:5      | Reached skill level 7 in Axes
  4307 | D:5      | Quit the game

Illustrated notes

Levels and vault maps discovered:
D:1:      spicycebolla_green_bress_n_ham_2, layout_basic,
          hellmonk_ecumenical_altar_leap_of_faith, serial_corexii_hall,
          corexii_hall_statues_x, corexii_hall_statues_x,
          corexii_hall_statues_u, chequers_hall_statues_wall_a
D:2:      minmay_chambers_of_twos, layout_basic, serial_shops,
          nicolae_diamond_shop
D:3:      layout_loops_cross, nicolae_overflow_hidden_temple,
          gup_sewer_entry_glass, uniq_jessica
D:4:      layout_gridville, lemuel_round_altar, grunt_temple_overflow_diamond,
          minmay_a_box_with_orc_wizards_in_it, uniq_edmund, uniq_ijyb,
          uniq_blork_the_orc
D:5:      layout_gridville, uniq_prince_ribbit1

Skill      XL: |  1  2  3  4  5  6  7 |
---------------+----------------------+-----
Axes           | 3 4 5 6 7 |  7.0
Armour         | 4 5 |  5.9
Fighting       | 4 5 |  5.8
Invocations    | 1 |  1.2
Shields        | |  3.6

Action                   |  1- 3 |  4- 6 |  7- 9 || total
-------------------------+-------+-------+-------++-------
Melee: War axe           |    67 |   130 |     8 ||   205
       Headbutt          |     8 |    14 |     2 ||    24
Evoke: Wand              |       |     2 |     2 ||     4
  Use: Potion            |       |     1 |     1 ||     2
       Scroll            |       |       |     4 ||     4
Armor: Scale mail        |    38 |       |       ||    38
       Plate armour      |       |    88 |     6 ||    94
       Skin              |       |     3 |       ||     3
Dodge: Dodged            |    25 |    34 |       ||    59
Block: Buckler           |    11 |    22 |     3 ||    36

Table legend: (Time is in decaauts)
 A = Elapsed time spent in this place.
 B = Non-inter-level travel time spent in this place.
 C = Inter-level travel time spent in this place.
 D = Time resting spent in this place.
 E = Time spent auto-exploring this place.
 F = Levels seen in this place.
 G = Mean time per level.
                   A        B        C        D        E       F      G
               +--------+--------+--------+--------+--------+-----+--------+
         Total |   4363 |   4250 |    113 |    619 |   3018 |   5 |  872.6 |
       Dungeon |   4363 |   4250 |    113 |    619 |   3018 |   5 |  872.6 |
               +--------+--------+--------+--------+--------+-----+--------+

Top non-repeatable levels by time:
     D:4: 1453 daAuts
     D:3: 1075 daAuts
     D:1: 1015 daAuts
     D:2: 718 daAuts
     D:5: 100 daAuts
